AoeStats
← denismca

Black Forest

510417170Analyzed
3v3 RM · 3d ago on Sep 30, 2026· 76m 22s· 6 players
Game mode
Random Map
Map size
Normal (6 player)
Population
200
Speed
Normal
Resources
Standard
Victory
Conquest
Starting age
Dark Age
Ending age
Imperial Age
RankedLock teamsTeams togetherTeam positionsShared explorationLock speedFull tech treeHidden civsTurbo modeCheats
Victory
Defeat
🇨🇦 Turks · Canada
482
+19
🇨🇦 Maya · Canada
463
+20
🇺🇸 Bulgarians · United States
442
+20
🇧🇷 Britons · Brazil
603
-22
🇹🇼 Tatars · Taiwan
531
-19
🇨🇦 Vikings · Canada
494
-18
JetTitan514
15:24 Feudal Age
21:03 Castle Age
20:38 Bloodlines
20:37 Scale Barding Armor
21:52 Scale Mail Armor
22:05 Forging
22:36 Husbandry
28:07 Wheelbarrow
30:01 Horse Collar
30:12 Double-Bit Axe
30:23 Gold Mining
30:25 Stone Mining
36:12 Imperial Age
35:41 Chain Barding Armor
35:57 Iron Casting
35:38 Chain Mail Armor
35:25 Padded Archer Armor
36:33 Hand Cart
39:05 Bombard Tower
38:55 Artillery
38:28 Elite Janissary
44:18 Plate Barding Armor
44:44 Blast Furnace
44:15 Plate Mail Armor
44:01 Leather Archer Armor
48:15 Ring Archer Armor
56:50 Caravan
56:53 Fletching
57:49 Conscription
58:14 Hoardings
57:21 Sappers
Conqueeftador
13:47 Feudal Age
16:59 Double-Bit Axe
24:13 Castle Age
22:45 Stone Mining
22:46 Gold Mining
22:41 Horse Collar
27:04 Squires
26:25 Pikeman
27:22 Forging
27:13 Scale Mail Armor
29:17 Bow Saw
30:12 Iron Casting
29:29 Fletching
29:55 Chain Mail Armor
29:40 Padded Archer Armor
31:56 Heavy Plow
31:30 Eagle Warrior
36:49 Imperial Age
36:30 Stone Shaft Mining
37:39 Leather Archer Armor
37:22 Bodkin Arrow
39:42 Two-Man Saw
41:48 Halberdier
41:49 Elite Eagle Warrior
45:29 Plate Mail Armor
46:25 Thumb Ring
47:27 Blast Furnace
48:05 Bracer
47:45 Elite Plumed Archer
51:03 Crop Rotation
62:19 Heavy Scorpion
bookingtenoone
15:52 Feudal Age
16:21 Horse Collar
18:13 Double-Bit Axe
18:22 Stone Mining
18:25 Gold Mining
21:31 Fletching
21:41 Padded Archer Armor
27:03 Castle Age
29:20 Bow Saw
29:14 Heavy Plow
29:26 Caravan
29:24 Bodkin Arrow
31:28 Stone Shaft Mining
33:08 Ballistics
36:05 Wheelbarrow
35:16 Town Watch
35:17 Loom
36:54 Gold Shaft Mining
40:10 Imperial Age
37:48 Murder Holes
37:44 Guard Tower
38:50 Masonry
38:32 Heated Shot
38:59 Leather Archer Armor
42:36 Hand Cart
42:21 Town Patrol
42:39 Forging
42:29 Scale Mail Armor
42:35 Scale Barding Armor
44:05 Bagains
44:26 Conscription
44:04 Stirrups
43:29 Elite Konnik
44:46 Crop Rotation
44:49 Architecture
44:25 Siege Engineers
45:52 Keep
46:18 Chemistry
45:21 Bracer
46:39 Iron Casting
46:20 Chain Mail Armor
46:26 Chain Barding Armor
49:16 Blast Furnace
48:47 Plate Mail Armor
48:53 Plate Barding Armor
57:20 Coinage
58:32 Banking
denismca
0:42 Loom
15:16 Feudal Age
15:38 Horse Collar
15:47 Double-Bit Axe
16:46 Gold Mining
17:53 Scale Mail Armor
18:25 Man-at-Arms
24:14 Fishing Lines
24:49 Forging
24:30 Fletching
25:06 Stone Mining
30:30 Castle Age
31:27 Bow Saw
32:50 Heavy Plow
35:22 Gold Shaft Mining
35:23 Coinage
34:54 Caravan
36:06 Ballistics
38:04 Iron Casting
37:25 Bodkin Arrow
37:46 Chain Mail Armor
37:45 Fortified Wall
37:47 Masonry
37:18 Treadmill Crane
42:14 Imperial Age
40:49 Murder Holes
43:34 Crop Rotation
44:11 Chemistry
44:43 Two-Man Saw
44:34 Chieftains
44:18 Crossbowman
46:14 Banking
46:22 Plate Mail Armor
46:53 Blast Furnace
46:21 Bracer
48:11 Padded Archer Armor
50:34 Gillnets
50:19 Arbalester
52:04 Leather Archer Armor
52:25 Bogsveigar
53:08 Elite Varangian Guard
56:06 Hoardings
58:40 Elite Berserk
mainaumainau
0:46 Loom
14:29 Feudal Age
15:01 Double-Bit Axe
16:32 Horse Collar
17:16 Gold Mining
19:14 Wheelbarrow
19:10 Stone Mining
26:12 Castle Age
25:31 Padded Archer Armor
25:44 Forging
25:42 Scale Barding Armor
27:53 Gold Shaft Mining
28:11 Bloodlines
28:03 Husbandry
28:52 Leather Archer Armor
28:04 Light Cavalry
29:29 Heavy Plow
31:23 Chain Barding Armor
32:14 Bow Saw
33:32 Masonry
36:17 Coinage
35:48 Caravan
36:48 Fortified Wall
40:24 Imperial Age
37:53 Fletching
38:27 Ballistics
40:02 Iron Casting
39:23 Bodkin Arrow
40:39 Hand Cart
40:30 Murder Holes
41:27 Timurid Siegecraft
41:39 Conscription
42:54 Blast Furnace
44:50 Chemistry
45:27 Banking
45:20 Silk Armor
45:58 Crop Rotation
46:00 Hussar
49:02 Siege Engineers
49:18 Bombard Tower
50:40 Plate Barding Armor
51:58 Ring Archer Armor
50:53 Onager
52:15 Elite Keshik
53:14 Bracer
61:18 Guilds
Jibatog
10:35 Loom
12:51 Feudal Age
18:11 Castle Age
16:01 Horse Collar
16:19 Double-Bit Axe
19:43 Horse Collar
22:10 Town Watch
26:04 Heavy Plow
27:21 Padded Archer Armor
32:34 Imperial Age
30:05 Fishing Lines
31:21 Wheelbarrow
31:51 Fletching
32:18 Leather Archer Armor
32:41 Bow Saw
33:32 Hand Cart
34:28 Two-Man Saw
35:01 Conscription
34:36 Gold Mining
34:37 Stone Mining
34:46 Bodkin Arrow
35:22 Ring Archer Armor
35:16 Ballistics
35:32 Caravan
37:04 Bracer
37:16 Forging
37:08 Scale Mail Armor
39:31 Chemistry
39:06 Yeomen
39:50 Coinage
40:18 Scale Barding Armor
40:29 Elite Longbowman
44:38 Capped Ram
49:38 Husbandry
48:59 Cavalier
51:56 Warwolf
52:25 Onager
Connection lost

Rejoining the realm…

Still unreachable

The connection could not be restored.

Session expired

The server has moved on; the page needs a fresh start.